 Dungeon Crawl Stone Soup version 0.21.1-1-g345015fe64 (webtiles) character file.

303 Redear the Covert (level 6, -7/42 HPs)
             Began as an Octopode Fighter on Mar 9, 2018.
             Mangled by a phantom (9 damage)
             ... on level 4 of the Dungeon.
             The game lasted 00:20:51 (3932 turns).

Redear the Covert (Octopode Fighter)                Turns: 3932, Time: 00:20:51

Health: -7/42      AC:  1    Str: 19    XL:     6   Next: 38%
Magic:  24/24      EV: 14    Int: 11    God:
Gold:   134        SH:  0    Dex: 12    Spells: 5/5 levels left

rFire    . . .     SeeInvis .   s - +0 spear (curse)
rCold    . . .     Gourm    .   (no shield)
rNeg     + . .     Faith    .   (helmet restricted)
rPois    .         Spirit   .   (no amulet)
rElec    .         Reflect  .   i - ring of magical power
rCorr    .         Harm     .   f - ring of positive energy
MR       .....                  q - +3 ring of strength
Stlth    +++++.....             v - ring of magical power
HPRegen  0.14/turn              (no ring)
MPRegen  0.19/turn              (no ring)
                                (no ring)
                                (no ring)

@: no status effects
A: almost no armour, stealthy swim, amphibious, 8 rings, constrict 8, camouflage
1, gelatinous body 1
a: no special abilities


You were on level 4 of the Dungeon.
You were hungry.

You visited 1 branch of the dungeon, and saw 4 of its levels.

You collected 134 gold pieces.

Inventory:

Hand Weapons
 s - a cursed +0 spear (weapon)
 t - a +0 dagger of venom
 w - a +0 dagger
 x - a +2 spear of venom
 y - a +2 falchion of freezing
Missiles
 d - 146 stones (quivered)
 g - 3 javelins of penetration
 m - 5 needles of confusion
Armour
 a - a +0 shield
Jewellery
 f - a ring of positive energy (right tentacle)
 i - a ring of magical power (left tentacle)
 q - a +3 ring of strength (on tentacle)
 v - a ring of magical power (on tentacle)
Scrolls
 e - a scroll of remove curse {unknown}
 h - 3 scrolls of identify {unknown}
 j - 3 scrolls of teleportation {unknown}
 n - 2 scrolls of enchant weapon {unknown}
 o - a scroll of fear {unknown}
 B - a scroll of amnesia {unknown}
Potions
 b - a potion of might
 k - a potion of magic {unknown}
 l - 3 potions of curing {unknown}
 p - 2 potions of mutation {unknown}
 r - a potion of invisibility {unknown}
 u - 2 potions of resistance {unknown}
 z - a potion of flight {unknown}
 A - a potion of lignification {unknown}
Comestibles
 c - 6 rations


   Skills:
 - Level 3.0 Fighting
 - Level 3.0 Dodging
 + Level 8.9 Stealth
 - Level 3.0 Shields
 - Level 2.0 Unarmed Combat


You had 5 spell levels left.
You didn't know any spells.

Dungeon Overview and Level Annotations

Branches:
Dungeon (4/15)
 Temple: D:4-7

Altars:
Dithmenos
Hepliaklqana
Okawaru
Vehumet
Yredelemnul
The Shining One


Innate Abilities, Weirdness & Mutations

You cannot wear most types of armour.
You are very stealthy in the water. (Stealth+)
You are amphibious.
You can wear up to eight rings at the same time.
You can use your tentacles to constrict eight enemies at once.
Your skin changes colour to match your surroundings (Stealth+).
Your rubbery body absorbs attacks. (AC +1, EV +1)


Message History

The phantom closely misses you.
You hit the phantom.
You tentacle-slap the phantom, but do no damage.
The phantom is severely damaged.
The phantom hits you.
* * * LOW HITPOINT WARNING * * *
You closely miss the phantom.
The phantom is severely damaged.
The phantom closely misses you.
You closely miss the phantom.
The phantom is severely damaged.
The phantom completely misses you.
You closely miss the phantom.
The phantom is severely damaged.
The phantom hits you.
* * * LOW HITPOINT WARNING * * *
You closely miss the phantom. You squeeze the phantom.
The phantom is almost destroyed.
The phantom hits you!
You die...

........... ...........
.......... ..........
........ #+####....#
#....#....# #.W@.'....+
#....#(...# ###
##..##....#
#..######+###..#####.....
#..................#......
+..................+ .....
#..##..............# .....
#.. #..##.###..###.# ....
.... #..######..# ## ####


You could see a phantom.

Vanquished Creatures
  The ghost of Durkon the Magician, an amateur DEWz (D:3)
  A hound (D:4)
  Terence (D:2)
  Jessica (D:2)
  4 adders (D:3)
  2 oozes
  A worm (D:2)
  2 dart slugs (D:3)
  3 leopard geckos
  3 ball pythons
  9 bats
  2 giant cockroaches (D:1)
  8 goblins
  8 hobgoblins
  5 frilled lizards
  3 kobolds
  9 rats
  16 plants (D:1)
79 creatures vanquished.

Notes
Turn   | Place    | Note
-------+----------+-------------------------------------------
     0 | D:1      | Redear the Octopode Fighter began the quest for the Orb.
     0 | D:1      | Reached XP level 1. HP: 16/16 MP: 1/1
   457 | D:1      | Reached skill level 1 in Stealth
   561 | D:1      | Reached skill level 2 in Stealth
   599 | D:1      | Reached XP level 2. HP: 17/21 MP: 2/2
   667 | D:1      | Reached skill level 3 in Stealth
  1072 | D:1      | Reached XP level 3. HP: 24/26 MP: 3/3
  1334 | D:1      | Reached skill level 4 in Stealth
  1689 | D:2      | Noticed Jessica
  1707 | D:2      | Killed Jessica
  1707 | D:2      | Reached skill level 5 in Stealth
  1707 | D:2      | Reached XP level 4. HP: 28/31 MP: 4/4
  1939 | D:2      | Noticed Terence
  2012 | D:2      | Killed Terence
  2065 | D:2      | Reached skill level 6 in Stealth
  2718 | D:3      | Reached XP level 5. HP: 36/36 MP: 5/5
  2767 | D:3      | Found an iron altar of Okawaru.
  2953 | D:3      | Found a shadowy altar of Dithmenos.
  2957 | D:3      | Found a hazy altar of Hepliaklqana.
  3009 | D:3      | Noticed Durkon's ghost (amateur DEWz)
  3015 | D:3      | Killed Durkon's ghost
  3015 | D:3      | Reached skill level 8 in Stealth
  3015 | D:3      | Reached XP level 6. HP: 20/42 MP: 6/6
  3438 | D:3      | Found a glowing golden altar of the Shining One.
  3441 | D:3      | Noticed an angel
  3446 | D:3      | Found a basalt altar of Yredelemnul.
  3449 | D:3      | Noticed a profane servitor
  3625 | D:3      | Found an iron altar of Okawaru.
  3625 | D:3      | Found a radiant altar of Vehumet.
  3846 | D:4      | Noticed a phantom
  3931 | D:4      | HP: 1/42 [phantom (3)]
  3932 | D:4      | Mangled by a phantom

Skill      XL: |  1  2  3  4  5 |
---------------+----------------+-----
Stealth        | 2 3 5 6 8 |  8.9
Fighting       | |  3.0
Dodging        | |  3.0
Shields        | |  3.0
Unarmed Combat | |  2.0

Action                   |  1- 3 |  4- 6 || total
-------------------------+-------+-------++-------
Melee: Unarmed           |   375 |    13 ||   388
       Tentacles         |   114 |    22 ||   136
       Constrict         |    35 |    20 ||    55
       Punch             |    11 |     3 ||    14
       Spear             |       |    70 ||    70
Throw: Stone             |    13 |       ||    13
  Use: Potion            |       |     1 ||     1
 Stab: Sleeping          |     5 |     7 ||    12
       Distracted        |     1 |       ||     1
  Eat: Chunk             |     3 |     3 ||     6
       Ration            |       |     1 ||     1
Armor: Skin              |     6 |     3 ||     9
Dodge: Dodged            |    26 |    51 ||    77
Block: Shield            |    24 |       ||    24
